 Dungeon Crawl Stone Soup version 0.26-a0-752-gcff87cac9a (webtiles) character file.

Game seed: 10532633811262438909

322 Glokmah the Chiller (level 6, -2/44 HPs)
             Began as a Demonspawn Ice Elementalist on Nov 6, 2020.
             Killed by divine providence
             ... invoked by an orc priest
              (13 damage)
             ... on level 3 of the Dungeon.
             The game lasted 00:10:58 (3750 turns).

Glokmah the Chiller (Demonspawn Ice Elementalist)   Turns: 3750, Time: 00:10:59

Health: -2/44      AC:  2    Str:  8    XL:     6   Next: 22%
Magic:  10/10      EV: 13    Int: 25    God:
Gold:   175        SH:  0    Dex: 13    Spells: 3/10 levels left

rFire    . . .     SeeInvis .   p - +0 hand axe
rCold    . . .     Faith    .   (no shield)
rNeg     . . .     Spirit   .   a - +0 robe
rPois    .         Reflect  .   (helmet restricted)
rElec    .         Harm     .   (no cloak)
rCorr    .         Rampage  .   (no gloves)
MR       .....                  (no boots)
Stlth    ++........             (no amulet)
HPRegen  0.14/turn              l - +6 ring of intelligence
MPRegen  0.12/turn              (no ring)

@: no status effects
A: horns 2, spiny 1
a: no special abilities


You were on level 3 of the Dungeon.
You visited 1 branch of the dungeon, and saw 3 of its levels.

You collected 175 gold pieces.

Inventory:

Hand Weapons
 e - a +0 whip
 k - a +0 hunting sling
 p - a +0 hand axe (weapon)
 t - a +0 dagger of freezing
Missiles
 b - 5 javelins (quivered)
 o - 81 stones
 q - 27 sling bullets
 v - 13 poisoned darts
Armour
 a - a +0 robe (worn)
 f - a +0 buckler
 h - a +0 ring mail
 u - a cursed +0 leather armour
Jewellery
 l - a +6 ring of intelligence (left hand)
Wands
 s - a wand of iceblast (5)
Scrolls
 d - a scroll of amnesia
 g - 2 scrolls of remove curse {unknown}
 j - a scroll of noise {unknown}
 m - a scroll of teleportation
Potions
 c - a potion of attraction
 i - a potion of haste
 n - a potion of curing
 r - a potion of brilliance


   Skills:
 + Level 2.1 Fighting
 + Level 2.1 Armour
 + Level 2.8 Dodging
 - Level 1.7 Stealth
 + Level 0.6 Shields
 + Level 2.9 Spellcasting
 * Level 4.9 Ice Magic


You had 3 spell levels left.
You knew the following spells:

 Your Spells              Type           Power        Failure   Level
a - Freeze                Ice            ####         1%          1
b - Frozen Ramparts       Ice            ####..       4%          3
c - Ozocubu's Armour      Ice            ####....     4%          3

Your spell library contained the following spells:

 Spells                   Type           Power        Failure   Level
 Hailstorm                Conj/Ice       ###.....     36%         4
 Summon Ice Beast         Ice/Summ       ###.....     36%         4


Dungeon Overview and Level Annotations

Branches:
Dungeon (3/15)

Altars:
Okawaru
Ru


Innate Abilities, Weirdness & Mutations

You have a pair of horns on your head.
You are partially covered in sharp spines.


Message History

An orc wizard comes into view. It is wielding a +0 dagger.
An orc comes into view. It is wielding a +0 dagger.
An orc comes into view. It is wielding a +0 whip.
The orc shouts!
The orc wizard shouts!
An orc comes into view. It is wielding a +0 flail.
The orc shouts!
You see here 2 gold pieces.
You now have 175 gold pieces (gained 2).
The orc priest calls down the wrath of Beogh upon you.
Pain shoots through your body! The orc priest closely misses you.
The orc wizard hits you with a +0 dagger.
The orc wizard hits you with a +0 dagger.
The orc misses you.
The orc priest invokes the aid of Beogh against you.
Beogh smites you!
* * * LOW HITPOINT WARNING * * *
The orc priest invokes the aid of Beogh against you.
Beogh smites you!
You die...

,,,,,,,,,,,,,,* ##.#..
,,,,,.........# #...>
,,,,,.........# ##############
,,,,,.........# #.............
,,,,,.........######...........#.
,,,,,,...........................
********#........................
#.....o................#.
#...oooo@.......†......#.
#............###########.
#............# #. #......†.....#
#. #............# ##
#............# #............#
#)...........# ##############


You could see an orc priest, an orc wizard and 3 orcs.

Vanquished Creatures
  An ogre (D:3)
  Natasha (thrice) (D:2)
  Robin (D:2)
  6 adders
  A shadow imp (D:3)
  An ooze (D:2)
  3 worms (D:3)
  A dart slug (D:1)
  3 leopard geckos
  An orc (D:3)
  12 bats
  2 giant cockroaches (D:1)
  16 goblins
  5 hobgoblins
  A quokka (D:3)
  A ball python (D:2)
  4 frilled lizards
  9 kobolds
  14 rats
85 creatures vanquished.

Notes
Turn   | Place    | Note
-------+----------+-------------------------------------------
     0 | D:1      | Glokmah the Demonspawn Ice Elementalist began the quest for
                  | the Orb.
     0 | D:1      | Reached XP level 1. HP: 13/13 MP: 3/3
   279 | D:1      | Gained mutation: You have a pair of small horns on your
                  | head. [demonic ancestry]
   279 | D:1      | Reached XP level 2. HP: 17/20 MP: 1/5
   959 | D:1      | Reached XP level 3. HP: 25/25 MP: 2/6
   960 | D:1      | Reached skill level 4 in Ice Magic
  1549 | D:2      | Reached skill level 1 in Fighting
  1557 | D:2      | Reached skill level 1 in Armour
  1569 | D:2      | Learned a level 3 spell: Frozen Ramparts
  1675 | D:2      | Found a sacrificial altar of Ru.
  1841 | D:2      | Gained mutation: You are partially covered in sharp spines.
                  | [demonic ancestry]
  1841 | D:2      | Reached XP level 4. HP: 32/32 MP: 1/7
  1846 | D:2      | Noticed Natasha
  1854 | D:2      | HP: 1/32 [Natasha (8)]
  1856 | D:2      | Killed Natasha
  2136 | D:2      | Noticed Natasha
  2148 | D:2      | Killed Natasha
  2327 | D:2      | Noticed Natasha
  2339 | D:2      | Killed Natasha
  2339 | D:2      | Gained mutation: You have a pair of horns on your head.
                  | [demonic ancestry]
  2339 | D:2      | Reached XP level 5. HP: 28/37 MP: 3/9
  2458 | D:2      | Found an iron altar of Okawaru.
  2525 | D:2      | Noticed Robin
  2558 | D:2      | Killed Robin
  3286 | D:3      | Noticed an ogre
  3300 | D:3      | Killed an ogre
  3300 | D:3      | Reached XP level 6. HP: 44/44 MP: 6/10
  3305 | D:3      | Learned a level 3 spell: Ozocubu's Armour
  3750 | D:3      | Killed from afar by an orc priest

Illustrated notes

Levels and vault maps discovered:
D:1:      dpeg_arrival_round_b, layout_loops_corners
D:2:      layout_basic, nicolae_overflow_crystal_walls, okawaru_trees_1,
          serial_forest, infiniplex_forest_clump_long,
          infiniplex_forest_lined_3, infiniplex_forest_lined_2,
          infiniplex_forest_lined_1, infiniplex_forest_end_1,
          infiniplex_forest_straight_1, chequers_jeans, uniq_robin, uniq_natasha
D:3:      layout_basic, minmay_misc_feat_enclosed

Skill      XL: |  1  2  3  4  5 |
---------------+----------------+-----
Dodging        | 2 |  2.8
Ice Magic      | 4 |  4.9
Fighting       | 1 2 |  2.1
Armour         | 1 2 |  2.1
Stealth        | |  1.7
Shields        | |  0.6
Spellcasting   | |  2.9

Action                   |  1- 3 |  4- 6 || total
-------------------------+-------+-------++-------
Melee: Whip              |    34 |       ||    34
       Unarmed           |     2 |       ||     2
       Headbutt          |     3 |     2 ||     5
       Hand axe          |       |    23 ||    23
 Cast: Freeze            |    47 |    29 ||    76
       Frozen Ramparts   |       |     9 ||     9
  Use: Potion            |       |     1 ||     1
       Scroll            |       |     8 ||     8
 Stab: Sleeping          |     6 |     1 ||     7
       Distracted        |       |     1 ||     1
Armor: Robe              |    19 |    11 ||    30
Dodge: Dodged            |    52 |    28 ||    80

Table legend: (Time is in decaauts)
 A = Elapsed time spent in this place.
 B = Non-inter-level travel time spent in this place.
 C = Inter-level travel time spent in this place.
 D = Time resting spent in this place.
 E = Time spent auto-exploring this place.
 F = Levels seen in this place.
 G = Mean time per level.
                   A        B        C        D        E       F      G
               +--------+--------+--------+--------+--------+-----+--------+
         Total |   3768 |   3421 |    347 |      0 |   2435 |   3 | 1256.0 |
       Dungeon |   3768 |   3421 |    347 |      0 |   2435 |   3 | 1256.0 |
               +--------+--------+--------+--------+--------+-----+--------+

Top non-repeatable levels by time:
     D:2: 1753 daAuts
     D:1: 1397 daAuts
     D:3: 617 daAuts
